General information
- name: BNet
- type: Ladder team game (AT/RT)
- host: Battle.net
- saver: PowerOfTheTower
map: GoldRush
- players: 8
- length: 54:48
- speed: Fast
- version: 1.26 W3XP
- replay type: Public
» download(313 KB)
Players
team 1 (winner)
Wax. (
teal | 46 APM | 2531 actions | 54:46)
7 Dark Ranger
3 Black Arrow
3 Silence
1 Charm
6 Firelord
3 Summon Lava Spawn
2 Soul Burn
1 Volcano
» actions
| Assign group hotkey | 2 | |
| Basic commands | 5 | |
| Build / train | 113 | |
| Enter build submenu | 34 | |
| Enter hero's abilities submenu | 16 | |
| Give item / drop item | 2 | |
| Remove unit from queue | 5 | |
| Right click | 1339 | |
| Select / deselect | 887 | |
| Use ability | 128 | |
2531 total
» units
| Acolyte | 8 | |
| Ghoul | 11 | |
| Necromancer | 9 | |
| Meatwagon | 8 | |
| Crypt Fiend | 4 | |
| Gargoyle | -1 | |
39 total
» upgrades
| Unholy Strength | 2 | |
| Skeletal Longevity | 1 | |
| Skeletal Mastery | 1 | |
| Exhume Corpses | 1 | |
| Web | 1 | |
| Unholy Armor | 1 | |
| Creature Attack | 1 | |
| Creature Carapace | 1 | |
9 total
» buildings
| Ziggurat | 16 | |
| Crypt | 7 | |
| Graveyard | 1 | |
| Halls of the Dead | 4 | |
| Nerubian Tower | 2 | |
| Altar of Darkness | 1 | |
| Spirit Tower | 5 | |
| Black Citadel | 1 | |
| Temple of the Damned | 2 | |
| Slaughterhouse | 1 | |
| Tomb of Relics | 1 | |
| Necropolis | 5 | |
| Town Hall | 1 | |
47 total
» build order
00:15 Ziggurat
00:29 Crypt
00:41 Graveyard
01:18 Ziggurat
02:29 Halls of the Dead
02:29 Halls of the Dead
02:31 Nerubian Tower
02:50 Altar of Darkness
03:31 Spirit Tower
04:20 Ziggurat
04:52 Black Citadel
05:46 Temple of the Damned
06:13 Spirit Tower
06:13 Spirit Tower
07:52 Slaughterhouse
07:53 Temple of the Damned
08:22 Ziggurat
08:24 Ziggurat
09:07 Tomb of Relics
14:18 Ziggurat
14:19 Ziggurat
19:59 Ziggurat
21:50 Ziggurat
21:50 Ziggurat
21:50 Ziggurat
23:47 Crypt
23:48 Crypt
23:50 Crypt
24:43 Necropolis
24:47 Ziggurat
24:48 Ziggurat
24:49 Ziggurat
24:50 Ziggurat
26:42 Halls of the Dead
26:45 Crypt
26:46 Crypt
26:46 Crypt
29:12 Ziggurat
30:14 Necropolis
33:57 Necropolis
34:40 Town Hall
36:36 Necropolis
42:17 Necropolis
» items
| Scroll of Town Portal | 10 | |
| Orb of Corruption | 1 | |
11 total
PowerOfTheTower (
red | 75 APM | 4112 actions | 54:48)
8 Blood Mage
3 Flame Strike
3 Siphon Mana
1 Summon Phoenix
1 Banish
» actions
| Assign group hotkey | 49 | |
| Basic commands | 291 | |
| Build / train | 154 | |
| ESC pressed | 6 | |
| Enter build submenu | 84 | |
| Enter hero's abilities submenu | 8 | |
| Give item / drop item | 7 | |
| Remove unit from queue | 1 | |
| Right click | 1726 | |
| Select / deselect | 765 | |
| Select group hotkey | 864 | |
| Use ability | 157 | |
4112 total
» units
| Peasant | 27 | |
| Footman | 7 | |
| Dragonhawk Rider | 7 | |
| Gryphon Rider | 7 | |
| Sorceress | 4 | |
52 total
» upgrades
| Swords | 3 | |
| Armor | 3 | |
| Masonry | 3 | |
| Storm Hammers | 1 | |
| Animal War Training | 1 | |
| Cloud | 1 | |
| Lumber Harvesting | 2 | |
| Backpack | 1 | |
| Gunpowder | 3 | |
| Plating | 3 | |
| Flak Cannons | 1 | |
| Flying Machine Bombs | 1 | |
| Barrage | 1 | |
| Fragmentation Shards | 1 | |
| Magic Sentry | 1 | |
| Sorceress Training | 2 | |
| Priest Training | 2 | |
| Control Magic | 1 | |
| Flare | 1 | |
32 total
» buildings
| Altar of Kings | 2 | |
| Farm | 18 | |
| Barracks | 1 | |
| Arcane Vault | 2 | |
| Blacksmith | 2 | |
| Town Hall | 4 | |
| Scout Tower | 30 | |
| Keep | 4 | |
| Lumber Mill | 3 | |
| Guard Tower | 24 | |
| Gryphon Aviary | 6 | |
| Castle | 4 | |
| Arcane Tower | 1 | |
| Workshop | 2 | |
| Arcane Sanctum | 1 | |
104 total
» build order
00:03 Altar of Kings
00:06 Farm
00:44 Barracks
01:21 Farm
01:53 Arcane Vault
01:59 Farm
02:35 Blacksmith
02:48 Farm
04:01 Farm
04:44 Town Hall
04:49 Scout Tower
04:50 Scout Tower
05:01 Keep
05:57 Lumber Mill
07:11 Guard Tower
08:18 Gryphon Aviary
08:22 Gryphon Aviary
09:14 Scout Tower
09:17 Scout Tower
09:20 Scout Tower
09:43 Guard Tower
09:44 Guard Tower
09:48 Guard Tower
10:36 Scout Tower
10:41 Scout Tower
10:45 Scout Tower
10:47 Scout Tower
10:56 Castle
10:57 Castle
10:57 Castle
11:06 Guard Tower
11:16 Guard Tower
13:07 Scout Tower
13:08 Scout Tower
13:31 Scout Tower
13:33 Guard Tower
13:35 Guard Tower
13:35 Guard Tower
14:13 Guard Tower
14:17 Scout Tower
14:19 Scout Tower
14:23 Scout Tower
14:27 Scout Tower
14:47 Guard Tower
15:01 Guard Tower
15:01 Guard Tower
15:01 Guard Tower
15:09 Guard Tower
19:27 Scout Tower
19:29 Scout Tower
19:57 Town Hall
19:59 Scout Tower
20:00 Scout Tower
20:12 Scout Tower
20:16 Scout Tower
20:21 Guard Tower
20:39 Guard Tower
20:39 Guard Tower
20:40 Guard Tower
20:48 Guard Tower
21:27 Keep
21:29 Gryphon Aviary
21:31 Gryphon Aviary
21:52 Scout Tower
22:24 Arcane Tower
22:35 Arcane Vault
22:58 Scout Tower
23:00 Scout Tower
23:21 Farm
23:24 Farm
23:27 Farm
23:57 Farm
24:09 Lumber Mill
25:55 Altar of Kings
26:40 Farm
26:40 Farm
27:04 Castle
28:46 Gryphon Aviary
28:47 Gryphon Aviary
29:13 Town Hall
29:17 Scout Tower
29:19 Scout Tower
29:21 Scout Tower
29:24 Scout Tower
29:34 Guard Tower
29:53 Guard Tower
30:39 Scout Tower
30:56 Farm
31:06 Guard Tower
32:40 Farm
34:22 Blacksmith
36:58 Workshop
37:00 Workshop
38:04 Arcane Sanctum
41:59 Lumber Mill
42:33 Town Hall
53:17 Keep
53:18 Farm
53:20 Farm
53:23 Farm
53:26 Farm
54:45 Farm
» items
| Scroll of Regeneration | 7 | |
| Periapt of Vitality | 2 | |
| Lesser Clarity Potion | 4 | |
| Scroll of Town Portal | 5 | |
| Potion of Invisibility | 1 | |
| Boots of Speed | 1 | |
| Staff of Teleportation | 1 | |
| Potion of Healing | 2 | |
| Orb of Fire | 1 | |
24 total
TheHeroYourKing (
pink | 66 APM | 3588 actions | 54:46)
6 Archmage
3 Summon Water Elemental
2 Brilliance Aura
1 Mass Teleport
5 Mountain King
3 Storm Bolt
2 Bash
5 Paladin
3 Holy Light
2 Divine Shield
» actions
| Assign group hotkey | 278 | |
| Basic commands | 255 | |
| Build / train | 122 | |
| Enter build submenu | 37 | |
| Enter hero's abilities submenu | 15 | |
| Give item / drop item | 4 | |
| Remove unit from queue | 18 | |
| Right click | 1514 | |
| Select / deselect | 624 | |
| Select group hotkey | 627 | |
| Use ability | 94 | |
3588 total
» units
| Peasant | 19 | |
| Footman | 4 | |
| Siege Engine | -2 | |
| Knight | 11 | |
| Priest | 11 | |
| Gryphon Rider | 3 | |
46 total
» upgrades
| Lumber Harvesting | 2 | |
| Masonry | 3 | |
| Plating | 3 | |
| Priest Training | 2 | |
| Swords | 3 | |
| Barrage | 1 | |
| Animal War Training | 1 | |
| Gunpowder | 3 | |
| Armor | 2 | |
| Storm Hammers | 1 | |
21 total
» buildings
| Altar of Kings | 1 | |
| Barracks | 2 | |
| Farm | 11 | |
| Keep | 2 | |
| Town Hall | 5 | |
| Blacksmith | 1 | |
| Arcane Vault | 1 | |
| Lumber Mill | 2 | |
| Castle | 1 | |
| Workshop | 5 | |
| Arcane Sanctum | 2 | |
| Gryphon Aviary | 5 | |
38 total
» build order
00:36 Altar of Kings
00:40 Barracks
00:57 Farm
01:06 Farm
01:14 Farm
03:19 Keep
03:45 Town Hall
03:58 Blacksmith
04:16 Arcane Vault
05:06 Lumber Mill
07:22 Castle
07:59 Barracks
08:14 Farm
08:16 Farm
08:16 Farm
08:27 Workshop
08:29 Arcane Sanctum
08:33 Workshop
08:37 Arcane Sanctum
08:38 Workshop
08:44 Workshop
10:56 Workshop
12:55 Farm
12:56 Farm
14:17 Town Hall
14:29 Farm
14:30 Farm
18:25 Town Hall
25:00 Town Hall
25:04 Town Hall
32:37 Gryphon Aviary
32:37 Gryphon Aviary
32:38 Gryphon Aviary
32:39 Gryphon Aviary
32:39 Gryphon Aviary
32:49 Lumber Mill
47:10 Keep
» items
| Scroll of Regeneration | 2 | |
| Scroll of Town Portal | 2 | |
| Periapt of Vitality | 4 | |
| Boots of Speed | 2 | |
| Potion of Lesser Invulnerability | 1 | |
| Staff of Teleportation | 3 | |
14 total
Rock55 (
green | 23 APM | 1255 actions | 54:46)
5 Dark Ranger
3 Life Drain
2 Black Arrow
3 Priestess of the Moon
2 Searing Arrows
1 Trueshot Aura
3 Keeper of the Grove
2 Entangling Roots
1 Force of Nature
» actions
| Assign group hotkey | 3 | |
| Basic commands | 50 | |
| Build / train | 73 | |
| Enter build submenu | 17 | |
| Enter hero's abilities submenu | 11 | |
| Right click | 437 | |
| Select / deselect | 521 | |
| Select group hotkey | 50 | |
| Use ability | 93 | |
1255 total
» units
| Wisp | 17 | |
| Archer | 14 | |
| Chimaera | 9 | |
| Hippogryph | 10 | |
50 total
» upgrades
| Corrosive Breath | 1 | |
| Strength of the Wild | 2 | |
| Reinforced Hides | 2 | |
5 total
» buildings
| Altar of Elders | 1 | |
| Ancient of War | 1 | |
| Moon Well | 8 | |
| Tree of Ages | 1 | |
| Tree of Eternity | 1 | |
| Hunter's Hall | 1 | |
| Ancient of Wind | 1 | |
| Ancient of Lore | 1 | |
| Tree of Life | 1 | |
| Chimaera Roost | 2 | |
18 total
» build order
00:29 Altar of Elders
00:33 Ancient of War
00:36 Moon Well
01:50 Moon Well
03:08 Moon Well
04:43 Tree of Ages
04:46 Moon Well
06:53 Moon Well
07:05 Tree of Eternity
08:10 Moon Well
08:21 Hunter's Hall
08:25 Ancient of Wind
09:40 Ancient of Lore
09:49 Tree of Life
11:33 Moon Well
11:37 Chimaera Roost
11:41 Chimaera Roost
15:56 Moon Well
» items
team 2 (loser)

»
Celebrieigil (
orange | 36 APM | 1950 actions | 54:45)
7 Priestess of the Moon
3 Searing Arrows
3 Trueshot Aura
1 Starfall
3 Keeper of the Grove
2 Thorns Aura
1 Entangling Roots
3 Demon Hunter
2 Evasion
1 Immolation
» actions
| Assign group hotkey | 54 | |
| Build / train | 338 | |
| Enter build submenu | 69 | |
| Enter hero's abilities submenu | 14 | |
| Give item / drop item | 3 | |
| Remove unit from queue | 7 | |
| Right click | 467 | |
| Select / deselect | 525 | |
| Select group hotkey | 320 | |
| Use ability | 153 | |
1950 total
» units
| Wisp | 134 | |
| Archer | 22 | |
| Huntress | 24 | |
| Forest Troll Shadow Priest | 2 | |
| Dryad | 16 | |
| Chimaera | 33 | |
| Druid of the Talon | 4 | |
| Hippogryph | 23 | |
| Druid of the Claw | 4 | |
| Footman | 10 | |
| Peasant | 10 | |
| Priest | 9 | |
291 total
» upgrades
| Strength of the Wild | 2 | |
| Reinforced Hides | 2 | |
| Well Spring | 1 | |
| Corrosive Breath | 1 | |
| Nature's Blessing | 1 | |
| Abolish Magic | 1 | |
| Druid of the Claw Training | 1 | |
9 total
» buildings
| Moon Well | 20 | |
| Altar of Elders | 4 | |
| Ancient of War | 2 | |
| Ancient of Wonders | 1 | |
| Hunter's Hall | 2 | |
| Tree of Life | 19 | |
| Tree of Ages | 3 | |
| Tree of Eternity | 2 | |
| Ancient of Lore | 4 | |
| Ancient of Wind | 6 | |
| Chimaera Roost | 4 | |
| Ancient Protector | 4 | |
| Farm | 1 | |
| Town Hall | 1 | |
73 total
» build order
00:21 Moon Well
00:34 Altar of Elders
00:48 Ancient of War
01:39 Moon Well
02:05 Ancient of War
02:17 Ancient of Wonders
02:33 Moon Well
04:04 Hunter's Hall
05:14 Moon Well
05:48 Tree of Life
07:34 Moon Well
08:36 Tree of Ages
08:57 Moon Well
09:54 Moon Well
10:53 Moon Well
11:00 Tree of Eternity
11:24 Tree of Life
12:05 Tree of Life
12:14 Ancient of Lore
12:25 Ancient of Lore
12:39 Ancient of Wind
12:43 Ancient of Wind
14:41 Chimaera Roost
15:09 Chimaera Roost
16:35 Moon Well
16:38 Moon Well
18:04 Ancient Protector
18:11 Ancient Protector
20:17 Farm
21:27 Tree of Life
23:26 Moon Well
24:25 Moon Well
26:31 Ancient of Wind
26:35 Ancient of Wind
26:52 Ancient of Lore
26:57 Ancient of Lore
27:04 Tree of Life
27:54 Altar of Elders
28:21 Tree of Life
29:28 Tree of Life
29:34 Tree of Life
32:55 Tree of Life
36:28 Altar of Elders
36:40 Tree of Life
36:43 Tree of Life
37:01 Moon Well
37:04 Moon Well
37:07 Moon Well
37:09 Moon Well
37:13 Tree of Life
40:27 Tree of Ages
41:56 Tree of Ages
44:29 Tree of Eternity
44:34 Ancient of Wind
45:26 Tree of Life
45:41 Tree of Life
45:54 Ancient of Wind
46:56 Tree of Life
47:37 Chimaera Roost
47:46 Chimaera Roost
47:56 Hunter's Hall
48:39 Moon Well
49:01 Town Hall
49:39 Moon Well
49:41 Moon Well
50:05 Moon Well
50:12 Tree of Life
50:27 Tree of Life
51:22 Altar of Elders
51:43 Tree of Life
52:06 Tree of Life
52:11 Ancient Protector
52:15 Ancient Protector
» items
| Potion of Lesser Invulnerability | 3 | |
| Scroll of Town Portal | 4 | |
| Anti-magic Potion | 1 | |
| Moonstone | 1 | |
9 total

»
Udi)Mateta. (
blue | 59 APM | 1668 actions | 28:08)
6 Mountain King
3 Storm Bolt
2 Bash
1 Avatar
3 Paladin
1 Holy Light
1 Devotion Aura
1 Divine Shield
» actions
| Assign group hotkey | 20 | |
| Basic commands | 49 | |
| Build / train | 66 | |
| Enter build submenu | 26 | |
| Enter hero's abilities submenu | 9 | |
| Give item / drop item | 2 | |
| Remove unit from queue | 1 | |
| Right click | 789 | |
| Select / deselect | 317 | |
| Select group hotkey | 325 | |
| Use ability | 64 | |
1668 total
» units
| Peasant | 18 | |
| Rifleman | 10 | |
| Gryphon Rider | 6 | |
| Knight | 2 | |
36 total
» upgrades
| Armor | 3 | |
| Swords | 3 | |
| Lumber Harvesting | 2 | |
| Storm Hammers | 1 | |
| Animal War Training | 1 | |
| Plating | 1 | |
11 total
» buildings
| Altar of Kings | 2 | |
| Farm | 13 | |
| Blacksmith | 1 | |
| Barracks | 2 | |
| Lumber Mill | 1 | |
| Town Hall | 2 | |
| Keep | 1 | |
| Castle | 1 | |
| Gryphon Aviary | 4 | |
27 total
» build order
00:06 Altar of Kings
00:20 Farm
00:35 Blacksmith
00:56 Farm
01:37 Barracks
01:53 Lumber Mill
02:49 Farm
03:39 Farm
03:56 Town Hall
04:18 Farm
04:58 Farm
05:42 Farm
05:50 Keep
08:43 Castle
09:30 Gryphon Aviary
09:35 Gryphon Aviary
09:38 Gryphon Aviary
09:39 Gryphon Aviary
09:51 Farm
11:17 Farm
12:03 Farm
20:02 Town Hall
23:07 Barracks
25:43 Altar of Kings
26:44 Farm
26:45 Farm
26:46 Farm
» items
| Scroll of Regeneration | 1 | |
| Orb of Fire | 1 | |
| Potion of Mana | 1 | |
| Potion of Healing | 1 | |
| Scroll of Town Portal | 1 | |
5 total
o.doido (
yellow | 50 APM | 993 actions | 20:00)
5 Mountain King
2 Storm Bolt
3 Bash
» actions
| Build / train | 57 | |
| Enter build submenu | 22 | |
| Enter hero's abilities submenu | 5 | |
| Remove unit from queue | 5 | |
| Right click | 545 | |
| Select / deselect | 312 | |
| Use ability | 47 | |
993 total
» units
| Peasant | 13 | |
| Footman | 5 | |
| Rifleman | 1 | |
| Spell Breaker | 4 | |
| Sorceress | 3 | |
| Priest | 2 | |
| Knight | 2 | |
30 total
» upgrades
| Gunpowder | 1 | |
| Sorceress Training | 2 | |
| Priest Training | 2 | |
5 total
» buildings
| Farm | 8 | |
| Altar of Kings | 1 | |
| Barracks | 2 | |
| Arcane Vault | 1 | |
| Blacksmith | 1 | |
| Scout Tower | 6 | |
| Arcane Tower | 3 | |
| Keep | 1 | |
| Lumber Mill | 1 | |
| Arcane Sanctum | 4 | |
| Guard Tower | 2 | |
| Castle | 1 | |
31 total
» build order
00:06 Farm
00:08 Altar of Kings
00:10 Farm
00:16 Barracks
00:52 Farm
01:00 Farm
01:45 Arcane Vault
03:07 Farm
04:18 Blacksmith
04:24 Farm
05:07 Scout Tower
05:44 Arcane Tower
05:46 Scout Tower
05:48 Farm
06:53 Arcane Tower
06:55 Barracks
06:59 Keep
08:05 Scout Tower
08:10 Farm
08:38 Arcane Tower
08:40 Lumber Mill
09:35 Scout Tower
09:41 Arcane Sanctum
09:42 Arcane Sanctum
09:46 Arcane Sanctum
10:43 Guard Tower
11:08 Scout Tower
11:10 Scout Tower
13:03 Guard Tower
14:27 Castle
14:58 Arcane Sanctum
» items
| Scroll of Regeneration | 2 | |
| Potion of Healing | 1 | |
| Potion of Mana | 1 | |
4 total
zkult (
purple | 13 APM | 234 actions | 18:36)
2 Far Seer
1 Chain Lighting
1 Feral Spirit
1 Goblin Alchemist
1 Chemical Rage
» actions
| Assign group hotkey | 3 | |
| Basic commands | 8 | |
| Build / train | 46 | |
| Enter build submenu | 8 | |
| Enter hero's abilities submenu | 3 | |
| Remove unit from queue | 2 | |
| Right click | 36 | |
| Select / deselect | 93 | |
| Select group hotkey | 1 | |
| Use ability | 34 | |
234 total
» units
| Peon | 7 | |
| Grunt | 8 | |
| Demolisher | 5 | |
| Troll Headhunter/Berserker | 3 | |
23 total
» upgrades
| Pillage | 1 | |
| Berserker Strength | 1 | |
| Spiked Barricades | 3 | |
| Armor | 1 | |
| Melee Weapons | 1 | |
| Troll Regeneration | 1 | |
| Ranged Weapons | 1 | |
| Burning Oil | 1 | |
| Berserker Upgrade | 1 | |
| Reinforced Defenses | 1 | |
12 total
» buildings
| Altar of Storms | 1 | |
| Orc Burrow | 9 | |
| Barracks | 1 | |
| War Mill | 2 | |
| Stronghold | 1 | |
| Fortress | 1 | |
| Voodoo Lounge | 1 | |
16 total
» build order
00:43 Altar of Storms
01:01 Orc Burrow
01:02 Orc Burrow
01:03 Orc Burrow
01:06 Orc Burrow
01:10 Orc Burrow
01:56 Barracks
02:06 War Mill
03:10 War Mill
03:35 Stronghold
07:53 Orc Burrow
08:03 Fortress
09:11 Orc Burrow
09:13 Orc Burrow
09:15 Orc Burrow
11:58 Voodoo Lounge
» items
| Orb of Lightning | 1 | |
| Scroll of Town Portal | 1 | |
2 total
Chat log
(00:09 / Allies) TheHeroYourKing: I probably download 20 gbs a day
(00:18 / Allies) PowerOfTheTower: No idea what I download
(00:20 / Allies) PowerOfTheTower: per day
(00:22 / Allies) Wax.: porn?
(00:23 / Allies) TheHeroYourKing: Mostly pornograhpy
(00:26 / Allies) Wax.: lol
(00:47 / Allies) TheHeroYourKing: I consider it an art form though
(00:50 / Allies) Wax.: cn yall mass or some1 techin?
(01:04 / Allies) PowerOfTheTower: Rushes are homosex, no massing up yet
(01:13 / Allies) Wax.: i meant i techin
(01:24 / Allies) Wax.: jus get a lil more
(01:31 / Allies) Wax.: 40 wood ? i pb
(01:36 / Allies) PowerOfTheTower: wtf is pb
(01:40 / Allies) Wax.: pay bak
(01:42 / Allies) PowerOfTheTower: public bath?
(01:45 / Allies) Wax.: lol
(03:03 / Allies) Wax.: yall want me to mass gargs or necs
(03:10 / Allies) PowerOfTheTower: necrowagon
(03:13 / Allies) Wax.: kk
(05:40 / Allies) Wax.: wood plz
(06:10 / Allies) Wax.: tp
(06:11 / Allies) Wax.: tp
(06:11 / Allies) Wax.: tp
(07:40 / Allies) Wax.: wood
(07:46 / Allies) Wax.: ty
(09:43 / Allies) Wax.: 100 goldf plz
(11:30 / Allies) Wax.: il to
(11:31 / Allies) Wax.: tp
(11:36 / Allies) Wax.: need help yello
(11:42 / Allies) Wax.: militia
(11:45 / Allies) Wax.: nvm
(12:00 / Allies) TheHeroYourKing: use your peons attack move
(12:52 / Allies) PowerOfTheTower: thanks teal
(12:58 / Allies) TheHeroYourKing: wood
(13:03 / Allies) Wax.: np
(13:05 / Allies) Wax.: attk?
(13:18 / Allies) Wax.: lemme gwert tp
(13:20 / Allies) Wax.: get*
(14:08 / Allies) Wax.: B
(14:10 / Allies) Wax.: B
(14:11 / Allies) Wax.: more aa
(16:47 / All) o.doido: purple noob
(16:49 / Allies) Wax.: hes fucked
(17:52 / All) o.doido: we have a noob
(17:55 / All) PowerOfTheTower: ?????
(18:08 / Allies) TheHeroYourKing: let's go
(18:11 / Allies) TheHeroYourKing: net the griffs
(19:18 / Allies) Rock55: b
(19:18 / Allies) Rock55: b
(19:19 / Allies) Rock55: b
(19:19 / Allies) Rock55: b
(19:20 / Allies) Rock55: b
(19:20 / Allies) Rock55: b
(19:20 / Allies) Rock55: b
(19:21 / Allies) Rock55: b
(19:21 / Allies) Rock55: b
(19:22 / Allies) Rock55: b
(19:32 / Allies) Wax.: wood
(19:32 / Allies) Wax.: all
(19:41 / All) TheHeroYourKing: whoops
(20:45 / Allies) PowerOfTheTower: tp
(21:00 / Allies) PowerOfTheTower: tp fools
(21:11 / Allies) Wax.: waitin on gren
(21:15 / Allies) TheHeroYourKing: making hero
(21:50 / Allies) TheHeroYourKing: tp?
(21:54 / Allies) Wax.: nno
(21:55 / Allies) Wax.: no
(21:56 / Allies) Wax.: no
(21:59 / Allies) PowerOfTheTower: too god damn late, now we lost
(22:04 / Allies) Wax.: LOL
(22:05 / Allies) TheHeroYourKing: nah
(22:06 / Allies) TheHeroYourKing: it's good
(22:07 / Allies) Wax.: ones done
(22:09 / Allies) Wax.: mass aa
(22:23 / Allies) Wax.: get gyo
(22:37 / Allies) Wax.: hit
(22:38 / Allies) Wax.: they all up
(22:53 / Allies) TheHeroYourKing: why did you tp out
(23:04 / Allies) Wax.: it was 1v3
(23:16 / Allies) TheHeroYourKing: I was coming we would have won that battle
(23:36 / Allies) TheHeroYourKing: meet
(24:19 / Allies) PowerOfTheTower: tp?
(24:22 / Allies) Wax.: no
(24:22 / Allies) Wax.: no
(24:23 / Allies) TheHeroYourKing: no
(24:24 / Allies) Wax.: to late
(24:28 / Allies) Rock55: meet
(24:31 / Allies) Wax.: GO
(24:56 / Allies) TheHeroYourKing: tp when they hit me
(25:09 / Allies) TheHeroYourKing: everyone needs to tp
(25:10 / Allies) Rock55: I don,t have a tp
(25:14 / Allies) Wax.: WTF
(25:15 / Allies) Wax.: GREEN
(25:17 / Allies) PowerOfTheTower: tp
(25:18 / Allies) TheHeroYourKing: tp
(25:23 / Allies) Wax.: BIY NOW
(25:40 / Allies) Wax.: FINISH OJ
(25:41 / Allies) Wax.: AFTER
(26:08 / Allies) TheHeroYourKing: Rod
(26:11 / Allies) TheHeroYourKing: Get one of them to stay
(26:19 / Allies) PowerOfTheTower: how?
(26:30 / All) PowerOfTheTower: not over yet
(26:33 / All) PowerOfTheTower: despite your losses
(26:47 / All) Celebrieigil: 2v4 game who u kiddin
(26:53 / Allies) Rock55: heal my people
(28:25 / All) PowerOfTheTower: you can still win, there is no need to leave yet
(28:29 / All) PowerOfTheTower: the die have not been cast
(30:01 / All) PowerOfTheTower: as plato once said,
(30:13 / All) PowerOfTheTower: everything that deceives may be said to enchant
(30:21 / All) PowerOfTheTower: so keep that in mind, other team
(31:27 / Allies) Wax.: cool kid
(31:34 / Allies) PowerOfTheTower: he is a cool kid, I know him
(32:24 / All) Wax.: nice try right there
(33:08 / Allies) Rock55: help
(33:13 / Allies) Rock55: betrayer
(33:15 / Allies) PowerOfTheTower: i'm helping, by killing you
(33:24 / Allies) Rock55: help
(33:31 / Allies) PowerOfTheTower: please, keep pleading
(33:41 / Allies) Wax.: lol
(33:45 / Allies) Rock55: pink help
(33:50 / Allies) PowerOfTheTower: he is on my team sir
(34:18 / Allies) Rock55: Your and evil son of a bitch
(34:21 / Allies) Wax.: LOL
(34:27 / Allies) PowerOfTheTower: why do you say that
(34:50 / Allies) PowerOfTheTower: what makes me evil, sir?
(35:04 / Allies) Rock55: Why ar you helping the other team
(35:18 / Allies) PowerOfTheTower: The other team? I've been on it all along. I do not understand the confusion
(35:32 / Allies) Wax.: troll science
(35:38 / All) TheHeroYourKing: let the wisps live bro
(35:42 / Allies) Rock55: That ,s why your a level a1
(35:44 / All) PowerOfTheTower: We are backstabbing
(35:46 / All) PowerOfTheTower: Our team shall die
(35:48 / All) PowerOfTheTower: I told you earlier
(35:55 / Allies) PowerOfTheTower: because i'm a 0-0 stabbing smurf?
(36:00 / All) TheHeroYourKing: We're gonna let orange win instead of a standoff
(36:01 / Allies) Rock55: Your a rookie
(36:08 / All) TheHeroYourKing: Since he stayed without fuss
(36:08 / Allies) PowerOfTheTower: oh, i see
(36:13 / Allies) PowerOfTheTower: kind of like being 36-42
(36:18 / All) Wax.: hmm nice try vs mh
(36:22 / Allies) PowerOfTheTower: er, 36-43*****
(38:08 / All) TheHeroYourKing: I don't think so, Tim
(38:16 / All) PowerOfTheTower: The illusive man?
(38:17 / All) PowerOfTheTower: wat
(38:35 / All) Wax.: LOL
(38:41 / All) TheHeroYourKing: Tim the tool man
(39:01 / All) TheHeroYourKing: Staff
(39:03 / All) PowerOfTheTower: The tool man? How about just "the tool" like a lot of 30 apm 4v4 rt faggots?
(39:12 / All) TheHeroYourKing: He is a tool
(39:32 / Allies) Rock55: Your a bitch
(39:39 / Allies) PowerOfTheTower: That I am
(40:04 / Allies) Rock55: No wounder you suck at playing
(40:19 / Allies) PowerOfTheTower: No "wounder"
(40:25 / All) TheHeroYourKing: His mass chims won the day for sure
(40:33 / All) TheHeroYourKing: vs gryphons
(40:43 / All) PowerOfTheTower: Go chippo fool, not pure chim. My advice
(40:55 / All) PowerOfTheTower: Chippo fool is a great build for noob elves such as yourself
(41:18 / All) TheHeroYourKing: nice work teal
(41:32 / All) TheHeroYourKing: my tanks are queud to kill it anyawy
(41:43 / All) PowerOfTheTower: Allied units killed need to be on the score screen, imo
(42:28 / All) PowerOfTheTower: No acolytes for you today. Sorry!
(42:34 / All) TheHeroYourKing: You guys aren't winning
(42:35 / All) Wax.: dayum
(42:39 / Allies) TheHeroYourKing: Only way you win is if you both leave
(42:50 / Allies) TheHeroYourKing: Rather, only way you don't lose
(43:05 / Allies) Rock55: What about if you guys leave
(43:15 / Allies) TheHeroYourKing: Why would we do that
(43:18 / Allies) PowerOfTheTower: How about no
(43:18 / Allies) TheHeroYourKing: We want you to lose
(43:21 / Allies) Wax.: FUCK
(43:27 / Allies) Wax.: i tried to hide near tav on map
(43:28 / Allies) TheHeroYourKing: If you leave you get a tie because we'll kill orange
(43:34 / Allies) Rock55: Because your helping the other team
(43:37 / Allies) Wax.: hmm
(43:40 / Allies) TheHeroYourKing: We're 0-0
(43:43 / Allies) Wax.: im pretty sure if we leave
(43:43 / Allies) PowerOfTheTower: We are *on* the other team, why wouldn't we?
(43:50 / Allies) Wax.: u leave after
(43:53 / Allies) Wax.: so 0-1
(44:05 / Allies) TheHeroYourKing: Nah orange is level 30, if you two leave I'll kill him
(44:07 / Allies) PowerOfTheTower: Either way you lose, why not start other games and win faster?
(44:14 / Allies) Wax.: il just dh
(44:16 / Allies) Rock55: You guys are losers
(44:21 / Allies) TheHeroYourKing: Yeah if you stay 100% you lose
(44:22 / Allies) PowerOfTheTower: Drophack? Okay buddy, get it going
(44:27 / Allies) TheHeroYourKing: If you leave there is at least a chance you get a tie
(44:32 / Allies) TheHeroYourKing: and not a loss if we keep our word
(44:34 / Allies) PowerOfTheTower: You would have used it already though, Mr Script Kiddie
(44:37 / Allies) Rock55: Nooooooooooooooooooooo
(44:43 / Allies) PowerOfTheTower: So go browse Google and find one that works on allies in 4v4
(44:58 / All) Wax.: Has Left the game .
(45:02 / All) PowerOfTheTower: lol
(45:05 / All) TheHeroYourKing: Alright our work is done
(45:07 / All) TheHeroYourKing: Let's leave red
(45:09 / All) PowerOfTheTower: Alt+QQ gives instawin, teal
(45:14 / All) PowerOfTheTower: has left the game!
(45:34 / Allies) Rock55: Why do people like you guys betray your team after helping them
(45:44 / Allies) PowerOfTheTower: We were never on your team
(45:47 / Allies) PowerOfTheTower: so we couldn't be turncoats
(46:04 / Allies) TheHeroYourKing: If you idiots don't leave soon orange will be too strong anyway
(46:06 / Allies) Rock55: yes you were at the starting
(46:14 / Allies) PowerOfTheTower: No, we were just pretending. We were spies
(46:47 / Allies) PowerOfTheTower: I have 14k, orange can never solo me. Only pink and I can solo me
(46:58 / Allies) Rock55: Your never accomplish anything if you betray your team
(47:01 / Allies) TheHeroYourKing: I raped my base
(47:18 / Allies) PowerOfTheTower: I get lots of rage, green. Entertainment. I accomplish *everything!*
(47:26 / Allies) PowerOfTheTower: I guess teal found his l33t drophack to drop himself on his head like when he was a child
(47:31 / Allies) PowerOfTheTower: He almost lagged out
(47:52 / Allies) TheHeroYourKing: I say we destroy our stuff and if teal and green don't leave they lose
(47:59 / Allies) PowerOfTheTower: Sounds good
(48:02 / Allies) TheHeroYourKing: If they leave we stop killing our own stuff and kill orange
(48:08 / Allies) Rock55: You guys betray people you are not part of god
(48:13 / All) TheHeroYourKing: lol
(48:25 / Allies) PowerOfTheTower: Part of god? Who are you, Flashgangbang Omnix?
(48:26 / All) TheHeroYourKing: God has an infinite number of facets
(48:29 / All) TheHeroYourKing: HAve you considered that?
(48:37 / Allies) PowerOfTheTower: To attempt to fathom His will is a foolish endeavor, sir
(48:44 / Allies) Rock55: YOUR EVIL!!!!!!!!!!!!!!!!!!!!!!!!!!!!!
(48:55 / Allies) PowerOfTheTower: As for His intent, some things are best left unknown to the feeble mortal mind
(49:03 / All) TheHeroYourKing: You are a flicker in the vastness of his thought, if there is an omnipotent creator
(49:24 / All) PowerOfTheTower: He has no thought of you at all, in fact. Or us, or any other human. Instead, he only has thought of all things at once
(49:48 / All) PowerOfTheTower: Of the dreamingworld in Brahma's whimsical mind wherein He is thought to be far from a lie in one of the universes
(49:50 / Allies) Rock55: hOW WOULD YOU LIKE IT IF TEAL AND ME BETRAY AND USE YOU
(49:59 / Allies) TheHeroYourKing: better leave or it dies
(50:00 / Allies) PowerOfTheTower: Try, and we will destroy you
(50:05 / All) Wax.: lol the art of trolling
(50:15 / All) PowerOfTheTower: It is truly the greatest art
(50:29 / All) Wax.: obviously
(50:31 / All) PowerOfTheTower: Please leave, as your eyes are not fit for ours
(50:34 / Allies) Rock55: wE LOSE IF WE LEAVE BITCHES
(50:50 / All) PowerOfTheTower: If you leave, you get a tie. If you stay, you get a loss
(50:57 / Allies) Rock55: nO
(50:57 / All) PowerOfTheTower: It's simple, really, when you don't think about it
(51:07 / Allies) Rock55: NO!!!!!!!!!!!!!!!!!!!!!!!!!!!!!!!!!!!!!!!!!!!!!!!!!!!!!!!!!!!!!!!!!!!!!!!!!!!!!!!!!!!!!!!!!!!!!!!
(51:14 / Allies) PowerOfTheTower: Oh, yes
(51:27 / Allies) Rock55: yOUR ALSO LIERS
(51:41 / Allies) PowerOfTheTower: That we are, we are all things. I look to the Wheel and see only the "I" after all
(51:42 / All) TheHeroYourKing: How old are you. Rock?
(52:17 / Allies) Rock55: How old are you
(52:22 / Allies) PowerOfTheTower: I'm 22
(52:25 / All) TheHeroYourKing: 44
(52:56 / Allies) Rock55: Spend your days living with your parentss
(53:03 / All) TheHeroYourKing: Mass teleport!
(53:04 / Allies) PowerOfTheTower: Should we double check on orange, turningcoat?
(53:05 / Allies) Rock55: still
(53:53 / Allies) Rock55: teal are you there
(54:00 / Allies) TheHeroYourKing: Look, you will lose :)
(54:08 / Allies) TheHeroYourKing: You'd better leave
(54:11 / All) Celebrieigil: ok gg bye
(54:14 / All) TheHeroYourKing: wait
(54:20 / All) TheHeroYourKing: our bases are already destroyed
(54:21 / All) TheHeroYourKing: mostly
(54:23 / All) PowerOfTheTower: Yeah
(54:25 / All) Celebrieigil: nah i rathr play
(54:25 / All) PowerOfTheTower: You get the win
(54:32 / All) PowerOfTheTower: We're just making sure there's no loose ties
(54:42 / All) Celebrieigil: nty